 Dungeon Crawl Stone Soup version 0.30-a0-476-g330ca2eb8e (webtiles) character file.

Game seed: 7423144485974424541

46 oldriver the Grasshopper (level 3, -3/33 HPs)
             Began as a Naga Warper on Dec 22, 2022.
             Slain by Robin
             ... wielding a +2 spear of venom
              (4 damage)
             ... on level 1 of the Dungeon.
             The game lasted 00:02:04 (1580 turns).

oldriver the Grasshopper (Naga Warper)              Turns: 1580, Time: 00:02:05

Health: -3/33      AC:  2    Str: 13    XL:     3   Next: 66%
Magic:  6/6        EV:  9    Int: 19    God:
Gold:   56         SH:  0    Dex: 12    Spells: 6/6 levels left

rFire   . . .      SeeInvis +    a - +0 short sword
rCold   . . .      Faith    .    (no shield)
rNeg    . . .      Spirit   .    b - +0 leather armour
rPois   +          Reflect  .    (no helmet)
rElec   .          Harm     .    (no cloak)
rCorr   .          Rampage  .    (no gloves)
Will    .....                    (no barding)
Stlth   ++........               (no amulet)
HPRegen 0.25/turn                f - +6 ring of intelligence
MPRegen 0.10/turn                l - ring of flight

@: flying, very slow
A: AC +1, large, see invisible, deformed body, poison resistance, slowness 2,
spit poison 1, naga tail 1
a: Spit Poison


You were on level 1 of the Dungeon.
You visited 1 branch of the dungeon, and saw 2 of its levels.

You collected 56 gold pieces.

Inventory:

Hand Weapons
 a - a +0 short sword (weapon)
Missiles
 d - 5 boomerangs of dispersal
Armour
 b - a +0 leather armour (worn)
Jewellery
 f - a +6 ring of intelligence (left hand)
 l - a ring of flight (right hand)
Scrolls
 c - 2 scrolls of blinking
 e - a scroll of noise {unknown}
 g - a scroll of brand weapon {unknown}
 h - a scroll of identify {unknown}
 i - a scroll of enchant weapon {unknown}
Potions
 j - a potion of curing {unknown}
 k - a potion of degeneration {unknown}
 m - 2 potions of cancellation {unknown}
 n - a potion of lignification {unknown}


   Skills:
 + Level 2.4 Fighting
 * Level 2.9 Short Blades
 - Level 0.8 Throwing
 - Level 0.7 Armour
 - Level 1.5 Dodging
 * Level 3.0 Stealth
 - Level 2.0 Spellcasting
 - Level 3.0 Translocations


You had 6 spell levels left.
You didn't know any spells.
Your spell library contained the following spells:

 Spells                   Type           Power      Damage    Failure   Level
 Blink                    Tloc           26%        N/A       10%         2
 Lesser Beckoning         Tloc           26%        N/A       19%         3
 Teleport Other           Tloc           13%        N/A       19%         3
 Magic Dart               Conj           4%         1d3       22%         1
 Searing Ray              Conj           2%         2d4       32%         2
 Vhi's Electric Charge    Tloc/Air       14%        N/A       34%         3
 Manifold Assault         Tloc           13%        N/A       52%         4
 Fulminant Prism          Conj/Hex       0%         3d5       91%         4


Dungeon Overview and Level Annotations

Branches:
Dungeon (2/15)

Altars:

Annotations:
D:1 Robin


Innate Abilities, Weirdness & Mutations

Your serpentine skin is tough. (AC +1)
You have supernaturally acute eyesight. (SInv)
Armour fits poorly on your strangely shaped body.
Your system is resistant to poisons. (rPois)
You cover ground very slowly.
You can spit poison.
You have a snake-like lower body.


Message History

The goblin hits you with a +0 dagger. Robin throws the goblin at you!
The goblin hits you with a +0 club. Robin throws the goblin at you!
The goblin barely misses you.
There is a stone staircase leading up, spattered with blood here.
Aiming: Spit Poison (2% risk of failure)
Press: ? - help, Shift-Dir - straight line, f - goblin
Aim: a goblin, wielding a +0 club (50% to hit)
The splash of poison hits the goblin.
The goblin is poisoned.
You kill the goblin!
The hobgoblin shouts!
You hear a shout!
The bat hits you but does no damage. The goblin hits you with a +0 dagger.
Robin completely misses you. The goblin hits you with a +0 club.
Okay, then.
The goblin hits you with a +0 dagger. The goblin hits you but does no damage.
The goblin hits you with a +0 club. Robin throws the goblin at you!
The bat barely misses you.
You fly upwards.
There is a stone staircase leading down here.
Unknown command.
Robin attacks as you move away!
Robin hits you with a +2 spear of venom.
The goblin closely misses you. The goblin hits you but does no damage.
Robin says, "My army is invincible!"
Robin roars a battlecry!
The goblins go into a battle-frenzy!
The goblin attacks as you move away! The goblin closely misses you.
You have got your breath back.
The goblin hits you with a +0 club.
* * * LOW HITPOINT WARNING * * *
The goblin closely misses you. The goblin hits you with a +0 dagger.
* * * LOW HITPOINT WARNING * * *
The goblin hits you with a +0 club.
* * * LOW HITPOINT WARNING * * *
Robin throws the goblin at you!
* * * LOW HITPOINT WARNING * * *
You hit the goblin.
The goblin is severely wounded.
The goblin closely misses you. The goblin barely misses you.
Robin hits you from afar with a +2 spear of venom.
You die...

.....# #..##.....##.#
..#### #...+..⌠..##.#
..# #.#.#.....##.# ..#
######.#.#..⌠..##.#
..####..).....#.....##.#
.......####...'..⌠..##.#
###...## #.###.....##.#
#.#....# #.# ##g#####.#
.##..).# #.# #.@.####'#
##.....# #.# #g.g##...#
.......# #.# #.g.''.<.#
.......# #.# #...##...#
.......# #.# #...######
.......# #.###...#
.......# #......##
######## #.######
###########.#


You could see Robin and 3 goblins.

Vanquished Creatures
  A gnoll (D:1)
  A dart slug (D:2)
  7 ball pythons
  2 bats
  4 endoplasms
  8 goblins
  3 hobgoblins
  2 kobolds (D:1)
  A frilled lizard (D:1)
  2 rats (D:1)
31 creatures vanquished.

Notes
Turn   | Place    | Note
-------+----------+-------------------------------------------
     0 | D:1      | oldriver the Naga Warper began the quest for the Orb.
     0 | D:1      | Reached XP level 1. HP: 19/19 MP: 3/3
    53 | D:1      | Reached skill level 1 in Stealth
   278 | D:1      | Reached XP level 2. HP: 20/26 MP: 5/5
  1097 | D:1      | Reached XP level 3. HP: 8/33 MP: 6/6
  1352 | D:2      | Noticed Robin
  1579 | D:1      | HP: 1/33 [Robin/goblin (1)]
  1580 | D:1      | Slain by Robin

Illustrated notes

Levels and vault maps discovered:
D:1:      dpeg_arrival_simpleton_b, layout_basic, minmay_bisected
D:2:      layout_rooms, uniq_jessica, uniq_robin

Skill      XL: |  1  2  3 |
---------------+----------+-----
Stealth        | 1 2 3 |  3.0
Fighting       | |  2.4
Short Blades   | |  2.9
Throwing       | |  0.8
Armour         | |  0.7
Dodging        | |  1.5
Spellcasting   | |  2.0
Translocations | |  3.0

Action                   || total
-------------------------++-------
Melee: Short sword       ||    77
       Punch             ||     1
Throw: Boomerang         ||     2
 Abil: Spit Poison       ||    29
Armor: Leather armour    ||    37
Dodge: Dodged            ||    59

Table legend: (Time is in decaauts)
 A = Elapsed time spent in this place.
 B = Non-inter-level travel time spent in this place.
 C = Inter-level travel time spent in this place.
 D = Time resting spent in this place.
 E = Time spent auto-exploring this place.
 F = Levels seen in this place.
 G = Mean time per level.
                   A        B        C        D        E       F      G
               +--------+--------+--------+--------+--------+-----+--------+
         Total |   1917 |   1843 |     74 |    504 |   1062 |   2 |  958.5 |
       Dungeon |   1917 |   1843 |     74 |    504 |   1062 |   2 |  958.5 |
               +--------+--------+--------+--------+--------+-----+--------+

Top non-repeatable levels by time:
     D:1: 1870 daAuts
     D:2: 47 daAuts
